AoeStats
← AOELG_bravedave92

Glade

510756741Analyzed
1v1 RM · 1d ago on Oct 2, 2026· 62m 18s· 2 players
Game mode
Random Map
Map size
Tiny (2 player)
Population
200
Speed
Normal
Resources
Standard
Victory
Conquest
Starting age
Dark Age
Ending age
Imperial Age
RankedLock teamsTeams togetherTeam positionsShared explorationLock speedFull tech treeHidden civsTurbo modeCheats
Victory
Defeat
🇺🇸 Danes · United States
904
+16
🇩🇪 Vikings · Germany
906
-16
Murd3rfce
0:40 Loom
12:02 Feudal Age
12:19 Man-at-Arms
13:05 Horse Collar
13:23 Arson
14:36 Wheelbarrow
13:48 Double-Bit Axe
17:02 Stone Mining
21:04 Castle Age
25:52 Hand Cart
28:18 Bow Saw
28:18 Heavy Plow
35:55 Fletching
36:22 Bloodlines
38:46 Imperial Age
39:44 Forging
39:35 Scale Mail Armor
39:43 Scale Barding Armor
42:40 Iron Casting
42:25 Chain Barding Armor
48:18 Elite Jomsviking
49:40 Chain Barding Armor
49:20 Scale Mail Armor
50:48 Chemistry
50:09 Ballistics
52:45 Blast Furnace
54:55 Cranequins
55:05 Heavy Mounted Crossbowman
56:17 Thumb Ring
56:15 Husbandry
59:11 Bodkin Arrow
59:16 Padded Archer Armor
59:52 Plate Barding Armor
60:32 Bracer
60:48 Leather Archer Armor
60:34 Scale Mail Armor
AOELG_bravedave92
8:50 Loom
10:42 Feudal Age
17:05 Castle Age
15:36 Double-Bit Axe
18:02 Crossbowman
19:17 Fletching
22:43 Bow Saw
22:27 Horse Collar
24:55 Bodkin Arrow
25:26 Padded Archer Armor
27:13 Gold Mining
28:06 Forging
28:27 Ballistics
29:18 Scale Mail Armor
30:56 Man-at-Arms
31:53 Chain Mail Armor
32:52 Iron Casting
32:32 Heavy Plow
33:24 Gold Shaft Mining
33:20 Long Swordsman
35:34 Guard Tower
37:40 Stone Mining
42:30 Imperial Age
42:16 Leather Archer Armor
42:12 Scale Barding Armor
47:13 Two-Man Saw
46:45 Crop Rotation
48:09 Blast Furnace
47:46 Capped Ram
49:39 Plate Mail Armor
50:01 Conscription
50:59 Chieftains
55:29 Elite Varangian Guard
59:22 Two-Handed Swordsman
Connection lost

Rejoining the realm…

Still unreachable

The connection could not be restored.

Session expired

The server has moved on; the page needs a fresh start.